[Event "Croatian Championship 2022"]
[Site "Split"]
[Date "2022.12.04"]
[Round "6.1"]
[White "Martinovic, Sasa"]
[Black "Brkic, Ante"]
[Result "1/2-1/2"]
[ECO "D81"]
[WhiteElo "2557"]
[BlackElo "2610"]
[Annotator "TA"]
[PlyCount "50"]
[EventDate "2022.11.29"]
[EventType "tourn"]
[EventCountry "CRO"]
[SourceTitle "playchess.com"]
[Source "ChessBase"]
[SourceQuality "1"]
[TimeControl "40/5400+30:1800+30"]

1. d4 Nf6 2. c4 g6 3. Nc3 d5 4. Qb3 dxc4 5. Qxc4 c5 6. dxc5 {[%emt 0:00:00] D81: Grünfeld: 4 Qb3.} (6. Nf3 {simplifies} cxd4 7. Qxd4 Qxd4 8. Nxd4 Bg7 9. Ndb5) 6... Bg7 7. Nf3 {[%emt 0:00:00] [#]} O-O $146 ({Predecessor:} 7... Be6 8. Qb5+ Qd7 9. e4 O-O 10. h3 Qc6 11. Ng5 Bd7 12. Qc4 h6 13. Nf3 Be6 {½-½ (49) Dobroruka,V (1952)-Apshankar,K (2023) ICCF email 2020}) 8. g3 Be6 9. Qh4 Nc6 10. Bg2 Qa5 11. O-O (11. Bh6 {simplifies} Qxc5 12. O-O Qc4 13. Qxc4 Bxc4 14. Bxg7 Kxg7 15. Nd2) 11... Qxc5 12. Bh6 (12. Ng5 {simplifies} Qc4 13. Nxe6 Qxh4 14. gxh4 fxe6 15. Rd1) 12... Rfd8 (12... Qc4 {simplifies} 13. Qxc4 Bxc4 14. Bxg7 Kxg7 15. Nd2 Be6) 13. Ng5 Qc4 {[%emt 0:00:12] [#] White must now prevent ...Qxh4.} 14. Qxc4 (14. e4 {is interesting.} Bxh6 15. Qxh6 Ne5 16. Rac1) 14... Bxc4 {[%emt 0:00:05] The position is equal.} 15. Bxg7 Kxg7 16. Bxc6 bxc6 17. Rfc1 a5 18. Rc2 a4 19. Nge4 Nxe4 20. Nxe4 Be6 21. Kf1 Bf5 22. Rc4 Be6 23. Rc2 Bf5 24. Rc4 Be6 25. Rc2 Bf5 {[%emt 0:00:06] Weighted Error Value: White=0.02 (flawless) /Black=0.04 (flawless)} 1/2-1/2

[Event "Croatian Championship 2022"]
[Site "Split"]
[Date "2022.12.04"]
[Round "6.2"]
[White "Saric, Ivan"]
[Black "Kurajica, Bojan"]
[Result "1-0"]
[ECO "B01"]
[WhiteElo "2674"]
[BlackElo "2487"]
[Annotator "TA"]
[PlyCount "45"]
[EventDate "2022.11.29"]
[EventType "tourn"]
[EventCountry "CRO"]
[SourceTitle "playchess.com"]
[Source "ChessBase"]
[SourceQuality "1"]
[TimeControl "40/5400+30:1800+30"]

1. e4 d5 2. exd5 Qxd5 3. Nc3 Qd6 4. d4 g6 5. Nf3 Bg7 6. Bg5 {[%emt 0:00:39] [#] B01: Scandinavian Defence.} (6. Nb5 $5 Qb6 7. Be2 $14) 6... a6 $146 ({Predecessor:} 6... h6 7. Nb5 Qd8 8. Bf4 Na6 9. Qd2 c6 10. Nc3 Nb4 11. Ne4 Nd5 12. Be5 Ngf6 13. Nxf6+ exf6 {0-1 (34) Heinrichs,V (1877)-Correa,J (1943) Blumenau 2010}) 7. Qd2 b5 (7... Nf6 $14) 8. a4 $16 {[%emt 0:06:42] White is better.} b4 9. Ne4 Qd5 10. Bd3 {[%emt 0:04:06][%cal Bf1d3,Bd3c4,Bc4a2][%mdl 32] White is more active.} f5 (10... Bf5 $16 {might work better.}) 11. Nc5 $18 Nc6 12. c3 e5 {[%emt 0:07:13] [#]} 13. Qe2 $1 (13. cxb4 e4 $16) 13... Kf8 (13... Nge7 $142 14. Bxe7 (14. Bxa6 Bxa6 15. Nxa6 Qa5 $14) 14... Nxe7) 14. Bc4 (14. Bxa6 exd4 15. Bxc8 Qxc5 16. cxd4 Nxd4 17. Nxd4 Bxd4 $11) 14... Qd6 15. O-O {[%emt 0:06:13] aiming for Bb3.} (15. Bxa6 Bxa6 16. Nxa6 exd4 $17) 15... e4 16. Nd2 Nge7 (16... h6 $142) 17. Rae1 ({Not} 17. Bxa6 Bxa6 18. Nxa6 bxc3 19. bxc3 {[#]} Nxd4 $1 20. cxd4 Qxa6 21. Qxa6 Rxa6 $15) 17... bxc3 18. bxc3 {[%emt 0:00:10][%cal Od2e4] And now Ndxe4! would win.} Ng8 19. Ba2 {[%emt 0:02:52] Qc4 is the strong threat.} ({Stronger than} 19. Nxa6 Bxa6 20. Bxa6 Nxd4 21. cxd4 Qxa6 $11) 19... Nf6 20. f3 exf3 21. Rxf3 {[%emt 0:00:35] Hoping for Re3.} Nxd4 22. cxd4 Qxd4+ 23. Kh1 {[%emt 0:00:36] White took control after the opening.   Weighted Error Value: White=0.04 (flawless) /Black=1.03} 1-0

[Event "Croatian Championship 2022"]
[Site "Split"]
[Date "2022.12.04"]
[Round "6.3"]
[White "Zelcic, Robert"]
[Black "Stevic, Hrvoje"]
[Result "1/2-1/2"]
[ECO "A01"]
[WhiteElo "2496"]
[BlackElo "2543"]
[Annotator "TA"]
[PlyCount "26"]
[EventDate "2022.11.29"]
[EventType "tourn"]
[EventCountry "CRO"]
[SourceTitle "playchess.com"]
[Source "ChessBase"]
[SourceQuality "1"]
[TimeControl "40/5400+30:1800+30"]

1. b3 g6 2. g3 Bg7 3. c3 d5 4. d4 Nf6 5. Bg2 O-O {[%emt 0:00:03][%cal Oc7c5] [#] The position is equal.} 6. Nf3 $146 {[%emt 0:00:05] A01: Nimzowitsch-Larsen Opening.} ({Predecessor:} 6. Nd2 b6 7. Ba3 Bb7 8. e3 Nbd7 9. Ne2 Re8 10. O-O e5 11. Qc2 c5 12. Rfe1 {0-1 (28) Khadhraoui,R (1588)-Azouz,B (2123) Hammamet 2015}) 6... a5 7. O-O a4 8. Bb2 axb3 9. axb3 Rxa1 10. Bxa1 c6 11. Nbd2 Bf5 12. Nh4 Be6 13. Nhf3 Bf5 {[%emt 0:00:00] Not much happened in this game.   Weighted Error Value: White=0.04 (flawless) /Black=0.03 (flawless)} 1/2-1/2

[Event "Croatian Championship 2022"]
[Site "Split"]
[Date "2022.12.04"]
[Round "6.4"]
[White "Bukal, Vladimir Jr."]
[Black "Jovanovic, Zoran"]
[Result "1/2-1/2"]
[ECO "A46"]
[WhiteElo "2411"]
[BlackElo "2513"]
[Annotator "TA"]
[PlyCount "77"]
[EventDate "2022.11.29"]
[EventType "tourn"]
[EventCountry "CRO"]
[SourceTitle "playchess.com"]
[Source "ChessBase"]
[SourceQuality "1"]
[TimeControl "40/5400+30:1800+30"]

1. d4 {[%emt 0:00:02] ChessBase II} d6 2. Nf3 Nf6 3. Bg5 Nbd7 4. Nbd2 e5 5. dxe5 dxe5 6. e4 {[%emt 0:00:30] A46: 1 d4 Nf6 2 Nf3 e6: Torre, London and Colle Systems.} Be7 7. Bc4 O-O 8. Qe2 c6 9. a4 {[%emt 0:07:41] [#]} Ne8 $146 ({Predecessor:} 9... Qc7 10. O-O Nc5 11. c3 Bg4 12. h3 Bh5 13. Qe3 b6 14. Nxe5 Nfxe4 15. Nxe4 Qxe5 16. Bxe7 Qxe7 17. Nxc5 Qxe3 18. fxe3 bxc5 {0-1 (37) Araiza Nieto,V (2010)-Martin Del Campo C,J (2215) Mexico City 1995 EXT 2000 [ChessBase II]}) 10. h4 Nd6 11. O-O-O Nxc4 12. Nxc4 f6 13. Be3 Qc7 $1 {[%emt 0:03:45] Inhibits Nd6.} 14. h5 b5 15. Ncd2 Nb6 (15... bxa4 {keeps more tension.} 16. h6 g6 17. Qc4+ Kh8) 16. Nh4 Nxa4 17. Nf5 ({Only move:} 17. Ng6 $1 $15) 17... Bc5 18. Rh3 Bxe3 (18... Rf7 $142 19. Rg3 Kh8) 19. Qxe3 $17 Bxf5 20. exf5 h6 {[%emt 0:00:03] Threatening ...Rfd8.} 21. Ne4 Kh8 (21... Kh7 {looks sharper.} 22. Qa3 a5 23. Qd6 Rac8) 22. Qb3 (22. b3 $11 Nb6 23. Qc5) 22... Rad8 {[%emt 0:01:52] Strongly threatening ...Rxd1+.} 23. Rhd3 Rd4 $36 {[%emt 0:02:52][%mdl 2048] Black is pushing.} 24. f3 {[%emt 0:05:11] [#]} (24. Rxd4 $11 {remains equal.} exd4 25. f3) 24... Rxe4 $1 25. Qa3 {[%emt 0:00:19] Prevents Nc5.} (25. fxe4 Nc5) 25... b4 26. Qxa4 Rd4 27. Rxd4 exd4 28. Rxd4 {[%emt 0:00:11][%mdl 4096] Endgame KQR-KQR} a5 29. Qb3 $2 (29. Kb1 $15) 29... Qh2 30. g4 {[%emt 0:02:09] [#]} Re8 {[%emt 0:00:51] Prevents Qe3.} ({Black should try} 30... c5 $1 $17 31. Rd2 Qf4) 31. Rd1 $15 Qc7 32. Kb1 {[%emt 0:00:21] [#]} (32. Qc4 $11) 32... c5 $1 $17 33. Qa4 $1 {[%emt 0:01:00] Prevents c4.} Rd8 (33... Re3 $15) 34. Rxd8+ $11 {[%emt 0:01:11] The position is equal.} Qxd8 35. Qb5 a4 36. Qxa4 Qd1+ 37. Ka2 Qxf3 38. Qe8+ Kh7 39. Qg6+ {[%emt 0:00:18] Weighted Error Value: White=0.29 (precise) /Black=0.18 (very precise)} 1/2-1/2

[Event "Croatian Championship 2022"]
[Site "Split"]
[Date "2022.12.04"]
[Round "6.5"]
[White "Bosiocic, Marin"]
[Black "Saric, Ante"]
[Result "1-0"]
[ECO "E07"]
[WhiteElo "2536"]
[BlackElo "2504"]
[Annotator "TA"]
[PlyCount "57"]
[EventDate "2022.11.29"]
[EventType "tourn"]
[EventCountry "CRO"]
[SourceTitle "playchess.com"]
[Source "ChessBase"]
[SourceQuality "1"]
[TimeControl "40/5400+30:1800+30"]

1. d4 Nf6 2. c4 e6 3. Nf3 d5 4. g3 Be7 5. Bg2 O-O 6. O-O Nbd7 7. Nc3 c6 8. Nd2 b6 {[%emt 0:14:41] E07: Closed Catalan: Main Line (5 Nf3 0-0 6 0-0 Nbd7).} (8... b5 $11) 9. e4 $14 dxc4 {[%emt 0:04:03] 9...Ba6 is a critical line.} 10. Nxc4 Ba6 {[%emt 0:00:32] White is slightly better.} 11. b3 e5 {[%emt 0:11:56] [#]} 12. Be3 $5 $146 {[%emt 0:12:32][%mdl 8] New and interesting.} ({Predecessor:} 12. Ne2 Bxc4 13. bxc4 exd4 14. Nxd4 Ne5 15. Bf4 Nfd7 16. Qe2 Bc5 17. Rad1 Qc8 18. Bh3 {½-½ (51) Zhou,W (2635)-Xu,Y (2523) Xinghua 2016}) 12... Qc7 13. Qe2 Rad8 14. Rfd1 exd4 15. Bxd4 Nc5 16. Rac1 (16. e5 $5 Nd5 17. Ne4 $14) 16... Rxd4 17. Rxd4 b5 $1 {[%emt 0:00:05] Prevents e5.} 18. e5 $1 Nfd7 ({Better is} 18... bxc4 $14 19. exf6 Bxf6 20. Rxc4 Rd8) 19. Nd6 $16 {[%emt 0:00:00] And now b4 would win.} b4 {[%emt 0:01:16] [#] Inhibits b4.} 20. Qe3 {[%emt 0:00:00] Na4 is the strong threat.} bxc3 21. Rxc3 Bxd6 (21... Qb6 $16) 22. Rxd6 $18 Re8 23. Rxc6 (23. Rxc5 $2 {is the wrong capture.} Qxd6 24. exd6 Rxe3 $17) 23... Qxe5 (23... Qa5 {is tougher.} 24. R6xc5 (24. R3xc5 Nxc5 25. Rxc5 Qxa2 $16) 24... Nxc5) 24. Qxe5 {[%emt 0:00:00] White is clearly winning.} Rxe5 25. Re3 {[%emt 0:00:00] Against Re1+} Rxe3 26. fxe3 Bb7 (26... Kf8 $142 27. b4 Bc4 28. bxc5 Bxa2) 27. Rc7 {[%emt 0:00:00][%mdl 64] [#] Discovered Attack} Bxg2 28. Kxg2 Kf8 29. b4 {[%emt 0:00:00][%mdl 64] Deflection.   Weighted Error Value: White=0.07 (flawless) /Black=0.53} ({Weaker is} 29. Rxa7 Ke7 30. b4 Ne6 $16) 1-0

[Event "Croatian Championship 2022"]
[Site "Split"]
[Date "2022.12.04"]
[Round "6.6"]
[White "Kozul, Zdenko"]
[Black "Doric, Darko"]
[Result "1/2-1/2"]
[ECO "D27"]
[WhiteElo "2539"]
[BlackElo "2446"]
[Annotator "TA"]
[PlyCount "81"]
[EventDate "2022.11.29"]
[EventType "tourn"]
[EventCountry "CRO"]
[SourceTitle "playchess.com"]
[Source "ChessBase"]
[SourceQuality "1"]
[TimeControl "40/5400+30:1800+30"]

1. d4 d5 2. c4 dxc4 3. Nf3 Nf6 4. e3 e6 5. Bxc4 c5 6. O-O a6 7. Bb3 b5 8. a4 Bb7 {[%emt 0:01:10] 8...b4 is not played anymore.} 9. axb5 {[%emt 0:00:00] D27: Queen's Gambit Accepted: Classical main line: 7 e4!? and 7 a4.} axb5 10. Rxa8 Bxa8 11. Nc3 c4 12. Bc2 b4 13. Ba4+ Nbd7 14. Na2 ({But not} 14. Ne2 Bd6 $15) 14... Bd6 $36 {[%emt 0:00:00][%mdl 2048] [#] Black has some pressure.} 15. Bd2 $146 (15. Ne5 $1 $11) ({Predecessor:} 15. Ne5 Qc7 16. Bd2 O-O 17. f4 Rb8 18. Qe2 Qa7 19. b3 c3 20. Be1 Nb6 21. Nc6 Bxc6 22. Bxc6 {0-1 (33) Seres,L (2371)-Song,E (2362) Budapest 2022}) 15... O-O (15... Qa5 $1 $15 16. Ne5 O-O 17. Bxd7 c3 18. bxc3 Qxa2) 16. Bxd7 (16. Bxb4 $11 Bxb4 17. Nxb4) 16... Qxd7 $17 17. Bxb4 Bxb4 18. Nxb4 Qb5 19. Na2 Bxf3 $1 20. gxf3 Qxb2 21. Qb1 {[%emt 0:00:00] [#]} Rb8 (21... Qe2 $1 $17 {And now ...Nd5 would win.} 22. Kg2 Nd5) 22. Nc3 $11 Kf8 23. Qxb2 Rxb2 {[%emt 0:00:00][%mdl 4096] Endgame KRN-KRN} 24. Rc1 Nd5 25. Kf1 Ke7 26. Nd1 Rb4 27. Ke1 f5 28. Kd2 Ra4 29. Nc3 Nxc3 30. Kxc3 {[%emt 0:00:10] KR-KR} f4 31. e4 Ra3+ 32. Kxc4 Rxf3 33. Rc2 g5 34. e5 h5 35. d5 exd5+ 36. Kxd5 g4 37. Ke4 Ke6 38. h4 Ra3 (38... Ke7 $11 {remains equal.}) 39. Rc6+ ({White should try} 39. Kxf4 $16 {aiming for Rc6+.} Rf3+ 40. Kg5 (40. Ke4 Rh3 $11)) 39... Kd7 40. Rd6+ Ke7 41. Kxf4 {[%emt 0:17:02] Weighted Error Value: White=0.15 (very precise) /Black=0.14 (very precise)} 1/2-1/2

[Event "Croatian Championship 2022"]
[Site "Split"]
[Date "2022.12.05"]
[Round "7.1"]
[White "Doric, Darko"]
[Black "Martinovic, Sasa"]
[Result "1/2-1/2"]
[ECO "E14"]
[WhiteElo "2446"]
[BlackElo "2557"]
[Annotator "TA"]
[PlyCount "30"]
[EventDate "2022.11.29"]
[EventType "tourn"]
[EventCountry "CRO"]
[SourceTitle "playchess.com"]
[Source "ChessBase"]
[SourceQuality "1"]
[TimeControl "40/5400+30:1800+30"]

1. d4 e6 2. c4 Nf6 3. Nf3 d5 4. e3 b6 5. Bd3 Bb7 6. O-O Nbd7 7. b3 Be7 8. Bb2 O-O 9. Nbd2 c5 10. cxd5 Nxd5 {[%emt 0:04:36] The position is equal.} 11. a3 {[%emt 0:08:54] E14: Queen's Indian: Classical Variation (4 e3).} Rc8 12. Rc1 h6 13. Qe2 cxd4 14. Nxd4 {[%emt 0:00:34] [#]} Nc5 $146 ({Predecessor:} 14... Bd6 15. Rxc8 Bxc8 16. Nc4 Nc5 17. b4 {0-1 (17) Avy,J-Meyer,P WCCF email 2005}) 15. Bc4 a6 {[%emt 0:12:53] An uneventful encounter.   Weighted Error Value: White=0.00 (flawless) /Black=0.02 (flawless)} 1/2-1/2

[Event "Croatian Championship 2022"]
[Site "Split"]
[Date "2022.12.05"]
[Round "7.2"]
[White "Saric, Ante"]
[Black "Kozul, Zdenko"]
[Result "1/2-1/2"]
[ECO "D71"]
[WhiteElo "2504"]
[BlackElo "2539"]
[Annotator "TA"]
[PlyCount "40"]
[EventDate "2022.11.29"]
[EventType "tourn"]
[EventCountry "CRO"]
[SourceTitle "playchess.com"]
[Source "ChessBase"]
[SourceQuality "1"]
[TimeControl "40/5400+30:1800+30"]

1. d4 Nf6 2. c4 g6 3. Nc3 Bg7 4. g3 d5 5. cxd5 Nxd5 6. Bg2 Nxc3 7. bxc3 c5 8. Nf3 $1 {[%emt 0:00:06][%mdl 4] outshines the older 8.e3. D75: Fianchetto Grünfeld: Main Line with 7...c5.} ({Of course not} 8. dxc5 Bxc3+ 9. Bd2 Bxa1 10. Qxa1 f6 $17) 8... cxd4 (8... Nc6 $5 ) 9. cxd4 Nc6 10. O-O O-O {[%emt 0:11:00] [#] Not much happened in this game.   Weighted Error Value: White=0.02 (flawless) /Black=0.08 (flawless)} ({Resist} 10... Bxd4 11. Nxd4 Nxd4 12. Bb2 $16) {Predecessor:} 11. Rb1 $146 Nxd4 12. Nxd4 Qxd4 13. Qxd4 Bxd4 14. Bh6 Rd8 15. Bxb7 Rb8 16. Bxc8 Rbxc8 17. Rfc1 f6 18. Rxc8 Rxc8 19. Rc1 Rxc1+ 20. Bxc1 Kf7 {½-½ (31) Mamedyarov,S (2774)-Vachier Lagrave,M (2779) Stavanger 2019} 1/2-1/2

[Event "Croatian Championship 2022"]
[Site "Split"]
[Date "2022.12.05"]
[Round "7.3"]
[White "Jovanovic, Zoran"]
[Black "Bosiocic, Marin"]
[Result "1/2-1/2"]
[ECO "C67"]
[WhiteElo "2513"]
[BlackElo "2536"]
[Annotator "TA"]
[PlyCount "33"]
[EventDate "2022.11.29"]
[EventType "tourn"]
[EventCountry "CRO"]
[SourceTitle "playchess.com"]
[Source "ChessBase"]
[SourceQuality "1"]
[TimeControl "40/5400+30:1800+30"]

1. e4 e5 2. Nf3 Nc6 3. Bb5 Nf6 4. O-O Nxe4 5. Re1 Nd6 6. Nxe5 Be7 7. Bf1 Nxe5 8. Rxe5 O-O 9. d4 Bf6 {[%emt 0:00:11] C67: Ruy Lopez: Berlin Defence: 4 0-0 Nxe4.} 10. Re2 Nf5 {[%emt 1:34:15] [#] An uneventful encounter.} {Predecessor:} 11. d5 $146 d6 12. Nd2 c6 13. Ne4 Be5 14. c3 cxd5 15. Qxd5 Be6 16. Qd1 h6 17. Re1 {½-½ (67) Vitiugov,N (2722)-Narayanan,S (2618) Chess.com INT 2020} 1/2-1/2

[Event "Croatian Championship 2022"]
[Site "Split"]
[Date "2022.12.05"]
[Round "7.4"]
[White "Stevic, Hrvoje"]
[Black "Bukal, Vladimir Jr."]
[Result "1/2-1/2"]
[ECO "B22"]
[WhiteElo "2543"]
[BlackElo "2411"]
[Annotator "TA"]
[PlyCount "47"]
[EventDate "2022.11.29"]
[EventType "tourn"]
[EventCountry "CRO"]
[SourceTitle "playchess.com"]
[Source "ChessBase"]
[SourceQuality "1"]
[TimeControl "40/5400+30:1800+30"]

1. e4 c5 2. c3 d5 3. exd5 Qxd5 4. d4 Nf6 5. Nf3 Nc6 6. Be2 e6 7. O-O cxd4 8. cxd4 Be7 9. Nc3 Qd6 10. Nb5 Qd8 11. Bf4 Nd5 12. Bg3 O-O 13. Rc1 {[%emt 0:01:20] B22: Sicilian: 2 c3.} Bd7 14. a3 Qb6 {[%emt 0:05:16] [#]} 15. Qd2 $5 $146 {[%emt 0:19:05][%mdl 8] New and interesting.} ({Predecessor:} 15. Re1 Rfd8 16. Bc4 Be8 17. Qe2 Rac8 18. Nc3 Nxc3 19. bxc3 Qa5 20. a4 Qh5 21. Qa2 {0-1 (44) Bosboom,M-Van der Vliet,F (2370) Eindhoven 1983}) 15... Na5 16. Qd3 {[%emt 0:00:21] Prevents Nb3.} Bxb5 (16... Rac8 {feels hotter.} 17. b4 Qxb5 18. Qxb5 Bxb5 19. Bxb5 Nb3) 17. Qxb5 Rfd8 18. Qxb6 {[%emt 0:29:51] The position is equal.} axb6 19. Rc2 Bd6 20. Bb5 Kf8 21. Bh4 {[%emt 0:00:49] This pair of bishops is nice.} Be7 22. Bg3 Bd6 23. Bh4 Be7 24. Bg3 {[%emt 0:00:02] Weighted Error Value: White=0.08 (flawless) /Black=0.07 (flawless)} 1/2-1/2

[Event "Croatian Championship 2022"]
[Site "Split"]
[Date "2022.12.05"]
[Round "7.5"]
[White "Brkic, Ante"]
[Black "Saric, Ivan"]
[Result "1/2-1/2"]
[ECO "B33"]
[WhiteElo "2610"]
[BlackElo "2674"]
[Annotator "TA"]
[PlyCount "43"]
[EventDate "2022.11.29"]
[EventType "tourn"]
[EventCountry "CRO"]
[SourceTitle "playchess.com"]
[Source "ChessBase"]
[SourceQuality "1"]
[TimeControl "40/5400+30:1800+30"]

1. e4 c5 2. Nf3 Nc6 3. d4 cxd4 4. Nxd4 Nf6 5. Nc3 e5 6. Ndb5 d6 7. Bg5 a6 8. Na3 b5 9. Nd5 Be7 10. Bxf6 Bxf6 11. c4 b4 {[%emt 0:00:07] B33: Sicilian: Pelikan and Sveshnikov Variations.} 12. Nc2 {[%emt 0:00:03] [#] A rather calm draw.} {Predecessor:} a5 $146 13. Be2 O-O 14. O-O g6 15. Bg4 Bb7 16. Qd3 Bg7 17. Rad1 Nd4 18. Nxd4 exd4 19. b3 Ra7 20. g3 Re8 21. Bf3 Bxd5 22. exd5 {½-½ (85) Kamsky,G (2666)-Firouzja,A (2785) Chess.com INT 2022} 1/2-1/2

[Event "Croatian Championship 2022"]
[Site "Split"]
[Date "2022.12.05"]
[Round "7.6"]
[White "Kurajica, Bojan"]
[Black "Zelcic, Robert"]
[Result "0-1"]
[ECO "D37"]
[WhiteElo "2487"]
[BlackElo "2496"]
[Annotator "TA"]
[PlyCount "110"]
[EventDate "2022.11.29"]
[EventType "tourn"]
[EventCountry "CRO"]
[SourceTitle "playchess.com"]
[Source "ChessBase"]
[SourceQuality "1"]
[TimeControl "40/5400+30:1800+30"]

1. Nf3 Nf6 2. d4 d5 3. c4 e6 4. e3 Be7 5. Nc3 O-O 6. a3 c5 7. dxc5 {[%emt 0:00:24] D37: Queen's Gambit Declined: 5 Bf4.} dxc4 $1 {[%emt 0:00:04][%mdl 4] is recently more successful than 7...Bxc5.} 8. Qxd8 Rxd8 9. Bxc4 {[%emt 0:00:11] The position is equal.} Bxc5 10. b4 Be7 11. Bb2 a6 {[%emt 0:00:19] [#]} 12. Be2 $146 ({Predecessor:} 12. O-O b5 13. Bb3 Bb7 14. Nd4 Nc6 15. Nxc6 Bxc6 16. Ne2 Rd2 17. Nd4 Bxg2 18. Bc1 Rxd4 19. exd4 Bxf1 20. Kxf1 {½-½ (44) Spoeler,G (1633)-Pohlmeier,U (1611) Germany 2022}) 12... b5 13. O-O Bb7 14. Nd4 Nbd7 15. Nb3 Rac8 16. Na5 Ba8 17. Rac1 Nb6 {[%emt 0:00:26] Black wants to play ...Rd2.} 18. Nb1 {[%emt 0:00:55] Prevents Rd2.} Na4 19. Bd4 Ne4 20. f3 Nd6 21. g4 f5 22. h3 Kf7 23. Nd2 Bf6 24. Ndb3 Bd5 25. Bxf6 (25. Rxc8 {simplifies} Rxc8 26. Nc5 Nxc5 27. Bxc5 Nb7 28. Nxb7 Bxb7 29. Rd1) 25... Kxf6 26. Kf2 Nc4 27. gxf5 exf5 (27... Nxa5 {simplifies} 28. Nxa5 exf5 29. Rfd1 Nc3) 28. Rfd1 $1 Nab2 {[%emt 0:01:35] Hoping for ...Nxa5.} (28... Nxa3 $2 29. Rxd5 $1 Rxc1 30. Rxd8 $18) 29. Rd4 Nxa5 (29... Nxa3 $2 30. Rxd5 $1 Rxd5 31. Rxc8 $18) 30. Rxc8 Rxc8 31. Nxa5 Ke6 32. e4 fxe4 33. fxe4 Rf8+ (33... Ba8 $1 $14) 34. Ke3 $16 Ba8 {[%emt 0:00:53] [#]} 35. Nb3 $1 {[%emt 0:02:01] Nc5+ is the strong threat.} Ke7 36. Nc5 Bc6 {[%emt 0:00:08] Prevents Rd7+.} 37. Rd2 {[%emt 0:01:53] Prevents g5.} (37. Nxa6 $6 Ra8 38. Nc7 Rxa3+ 39. Kf4 Rxh3 $11) 37... Nc4+ 38. Bxc4 bxc4 {[%emt 0:00:02][%mdl 4096] Endgame KRB-KRN} 39. Rc2 (39. Nxa6 $6 Ra8 40. Nc5 Rxa3+ 41. Kd4 Bb5 $11) 39... Rf6 (39... Rf1 $142) 40. Kd4 (40. Rxc4 $6 Rh6 $14) (40. Nxa6 $2 Ba4 41. Rg2 Rxa6 $19) 40... Rd6+ 41. Kxc4 Bb5+ {[%emt 0:08:18] [#]} 42. Kc3 $1 Rh6 43. Rh2 ({White should play} 43. Kd4 $16) 43... g5 $1 $11 44. Nd3 g4 {[%emt 0:21:34] And now ...Bxd3 would win.} 45. Nf4 Rh4 {[%emt 0:09:34] Strongly threatening ...g3.} 46. Kd4 g3 47. Nd5+ Kd6 $1 48. Rg2 Bc6 49. Kd3 $2 {[%emt 0:04:41] This costs White the game.} (49. Nc3 $1 $11 Rxh3 50. a4) 49... Bxd5 $19 ({Stronger than} 49... Rxh3 50. Ke3 $11) 50. exd5 Rxh3 {[%emt 0:00:02] KR-KR} 51. Ke4 h5 52. a4 $2 (52. Rc2 Rh4+ 53. Kf3) 52... Rh4+ 53. Kf5 Rg4 ({Weaker is} 53... Kxd5 54. Rxg3 Rxb4 55. Ra3 $17) 54. b5 axb5 ({Not} 54... Rxa4 55. bxa6 Kxd5 56. Rxg3 $11) 55. axb5 Kxd5 {[%emt 0:00:05] Weighted Error Value: White=0.57/Black=0.07 (flawless)} 0-1

[Event "Croatian Championship 2022"]
[Site "Split"]
[Date "2022.12.06"]
[Round "8.1"]
[White "Martinovic, Sasa"]
[Black "Saric, Ivan"]
[Result "1/2-1/2"]
[ECO "D37"]
[WhiteElo "2557"]
[BlackElo "2674"]
[Annotator "TA"]
[PlyCount "48"]
[EventDate "2022.11.29"]
[EventType "tourn"]
[EventCountry "CRO"]
[SourceTitle "playchess.com"]
[Source "ChessBase"]
[SourceQuality "1"]
[TimeControl "40/5400+30:1800+30"]

1. d4 Nf6 2. c4 e6 3. Nf3 d5 4. Nc3 Nbd7 5. Qc2 a6 6. cxd5 {[%emt 0:01:02] D37: Queen's Gambit Declined: 5 Bf4.} exd5 7. Bf4 c6 8. h3 Be7 9. e3 Nf8 10. Bd3 Ne6 11. Bh2 O-O 12. O-O {[%emt 0:00:33] [#]} Bd6 $146 ({Predecessor:} 12... c5 13. dxc5 Nxc5 14. Rfd1 Nxd3 15. Qxd3 Qb6 16. Be5 Be6 17. Bd4 Qb4 18. Ne5 Rad8 {1-0 (36) Besso,G (1882)-Vargas,G (2143) Buenos Aires 2014}) 13. Bxd6 Qxd6 14. Rab1 Re8 15. b4 g6 16. Rfc1 Ng7 17. a4 Bd7 18. Ne5 Be6 19. Ne2 Nd7 20. Nxd7 Bxd7 21. Qc5 Qb8 22. b5 {[%emt 0:04:08] [#] Strongly threatening bxa6. White is slightly better.} Ne6 23. Qb4 axb5 24. axb5 Qa7 {[%emt 0:03:23] Weighted Error Value: White=0.05 (flawless) /Black=0.10 (very precise)} 1/2-1/2